[Event "*** Titled Tuesday Blitz"]
[Site "Chess.com"]
[Date "2020.04.28"]
[Round "6"]
[White "Fighter008"]
[Black "LikeWater"]
[Result "1-0"]
[WhiteElo "2526"]
[BlackElo "2741"]
[TimeControl "180+1"]
[EndTime "11:06:31 PDT"]
[Termination "Fighter008 won by resignation"]

1. e4 c5 2. Nf3 e6 3. d4 cxd4 4. Nxd4 Nc6 5. Nc3 Qc7 6. Be3 Nf6 7. Qf3 Be7 8. O-O-O O-O 9. Be2 Nxd4 10. Bxd4 e5 11. Be3 d6 12. h3 Be6 13. g4 Rfc8 14. g5 Nd7 15. Bd3 b5 16. Kb1 Nc5 17. Bc1 Nxd3 18.
Qxd3 b4 19. Nd5 Bxd5 20. exd5 a5 21. h4 a4 22. h5 b3 23. cxb3 axb3 24. Qxb3 Qa5 25.
a3 Rcb8 26. Qd3 Qa4 27. g6 Rb3 28. gxf7+ Kh8 29. Qf5 Qxa3 30. Qd7 Bf8 31. h6 Qa2+ 32. Kc2 Rbb8 33. hxg7+ Bxg7 34. Rxh7+ Kxh7 35. Qf5+ Kh8 36. Rh1+ 1-0

[Event "*** Titled Tuesday Blitz"]
[Site "Chess.com"]
[Date "2020.04.28"]
[Round "6"]
[White "allvim"]
[Black "IvanRadivojevic"]
[Result "1-0"]
[WhiteElo "2318"]
[BlackElo "2465"]
[TimeControl "180+1"]
[EndTime "11:06:32 PDT"]
[Termination "allvim won by resignation"]

1. e4 c6 2. Nc3 d5 3. Nf3 Nf6 4.
exd5 cxd5 5. d4 Nc6 6. Bb5 Bg4 7.
Be3 e6 8. h3 Bh5 9. g4 Bg6 10. Ne5 Rc8 11. h4 h6 12. Nxg6 fxg6 13. Qd3 Kf7 14. h5 g5 15. Qg6+ Kg8 16. O-O-O Ne7 17.
Qd3 a6 18. Ba4 b5 19. Bb3 Nc6 20. f4 gxf4 21. Bxf4 Nh7 22. Rhe1 Qd7 23. Rxe6 Nb4 24. Qg6 a5 25. Bd6 a4 26. Bxd5 Nxd5 27. Nxd5 Qc6 28. Ne3 Qf3 29. Bxf8 Nxf8 30. Qe4 Qe2 31. Re8 Rxe8 32.
Qxe8 a3 33. bxa3 Kh7 34. Qe4+ g6 35. Qb7+ Kg8 36. Nd5 Qf2 37. Ne7+ Kf7 38. Nf5+ Ke6 39. Qe7+ Kd5 40. Qe5+ Kc6 41. Qxh8 Qf4+ 42. Kb1 gxf5 43. Qxf8 Qxg4 44. Qc5+ Kb7 45. Re1 1-0

[Event "*** Titled Tuesday Blitz"]
[Site "Chess.com"]
[Date "2020.04.28"]
[Round "6"]
[White "TheMightyBishops"]
[Black "Xeniya2005"]
[Result "0-1"]
[WhiteElo "2002"]
[BlackElo "2257"]
[TimeControl "180+1"]
[EndTime "11:06:32 PDT"]
[Termination "Xeniya2005 won by checkmate"]

1. e4 c5 2. c4 Nc6 3. Nc3 g6 4. g3 Bg7 5. Bg2 d6 6. h3 e5 7. Rb1 Nge7 8. d3 O-O 9. Be3 Be6 10. Qd2 Qd7 11. Nge2 f5 12. Bh6 Nd4 13. Bxg7 Kxg7 14.
Nd5 Bxd5 15. cxd5 Nxe2 16. Qxe2 Rae8 17. O-O b5 18. Qd2 Ng8 19. a3 f4 20. b4 f3 21.
bxc5 fxg2 22. Kxg2 dxc5 23. Qc3 Nf6 24. f4 exf4 25.
gxf4 Kg8 26. Qxc5 Nh5 27. Qc6 Qxc6 28. dxc6 Nxf4+ 29. Kg3 Nxd3 30. Rfd1 Ne5 31. Rd5 Nxc6 32. Rbxb5 Rxe4 33. Rbc5 Ne7 34. Rd7 Nf5+ 35. Kg2 Nh4+ 36.
Kg1 Re1+ 37. Kh2 Re2+ 38. Kg3 Nf5+ 39. Kf3 Re3+ 40. Kf2 Re7 41. Rd2 Nd6+ 42. Kg3 Ne4+ 43. Kh4 Nxd2 44. Ra5 Kg7 45. a4 Ne4 46. Ra6 Rf4# 0-1

[Event "*** Titled Tuesday Blitz"]
[Site "Chess.com"]
[Date "2020.04.28"]
[Round "6"]
[White "SCIM"]
[Black "maciek_92"]
[Result "0-1"]
[WhiteElo "2498"]
[BlackElo "2680"]
[TimeControl "180+1"]
[EndTime "11:06:33 PDT"]
[Termination "maciek_92 won by resignation"]

1. d4 Nf6 2. c4 e6 3. g3 c5 4.
d5 exd5 5. cxd5 g6 6. Nc3 d6 7.
Bg2 Bg7 8. Nf3 O-O 9. O-O Re8 10. Bf4 a6 11. a4 Nh5 12. Bg5 Qc7 13. e4 Bg4 14. h3 Bxf3 15. Bxf3 Nf6 16. Bg2 Nbd7 17.
Rc1 Qa5 18. Re1 b5 19. Bf4 Nh5 20. Bxd6 Qb6 21. e5 Nxe5 22. Ne4 c4 23. Bc5 Qa5 24. Nd6 Red8 25. Nb7 Qc7 26. d6 Qd7 27. Nxd8 Rxd8 28.
axb5 axb5 29. Qd5 Nd3 30. Re7 Qf5 31. Qxf5 gxf5 32. Ra1 Nxc5 33. Bd5 Nf6 34. Bxf7+ Kh8 35.
Bd5 Nxd5 36. Rf7 Bxb2 37. Raa7 c3 38. Rxh7+ Kg8 39. Rag7+ Kf8 40. Rf7+ Ke8 41. Rfg7 Ne6 42. d7+ Kf8 43. Rf7+ Kg8 44. Re7 Nxe7 45. Rxe7 c2 46.
Re8+ Kf7 47. Rxd8 c1=Q+ 0-1

[Event "*** Titled Tuesday Blitz"]
[Site "Chess.com"]
[Date "2020.04.28"]
[Round "6"]
[White "Mikedannnn"]
[Black "Xeslu"]
[Result "1/2-1/2"]
[WhiteElo "2519"]
[BlackElo "2370"]
[TimeControl "180+1"]
[EndTime "11:06:33 PDT"]
[Termination "Game drawn by repetition"]

1. e4 e5 2. Nf3 Nc6 3. Bb5 a6 4. Bxc6 dxc6 5. O-O Bg4 6. h3 h5 7.
d3 Qf6 8. Nbd2 Ne7 9. Re1 Ng6 10. d4 Bxf3 11. Nxf3 Bd6 12. dxe5 Nxe5 13. Nxe5 Bxe5 14. c3 g5 15. Be3 Rd8 16. Qb3 b6 17. Rad1 a5 18.
Rxd8+ Kxd8 19. Rd1+ Kc8 20. Qc4 Kb7 21. b4 axb4 22.
cxb4 Ra8 23. b5 Bf4 24. Bxf4 gxf4 25. bxc6+ Qxc6 26. Qxf7 Qxe4 27. Qxh5 Rxa2 28. h4 f3 29. Qd5+ Qxd5 30. Rxd5 fxg2 31. h5 Kc6 32. Rg5 Ra8 33. Kxg2 b5 34. Kh3 b4 35. Rg1 Kb5 36. f4 c5 37. f5 b3 38. Kh4 c4 39. h6 b2 40.
f6 c3 41. h7 c2 42. Rg8 Rxg8 43. hxg8=Q b1=Q 44. Qb8+ Kc4 45. Qc7+ Kd3 46. Qd6+ Ke3 47. Qe5+ Kf3 48. Qf5+ Ke3 49. Qe5+ Kd3 50. Qf5+ Kd2 51. Qf4+ Kd1 52. Qf3+ Kd2 53. Qf4+ Kd1 54. Qf3+ Kd2 55. Qf4+ 1/2-1/2

[Event "*** Titled Tuesday Blitz"]
[Site "Chess.com"]
[Date "2020.04.28"]
[Round "6"]
[White "Alexandercs432"]
[Black "Shuvatkin_Vladimir"]
[Result "1-0"]
[WhiteElo "2122"]
[BlackElo "2294"]
[TimeControl "180+1"]
[EndTime "11:06:33 PDT"]
[Termination "Alexandercs432 won by checkmate"]

1. e4 e6 2. d4 d5 3. Nd2 dxe4 4. Nxe4 Nd7 5. Nf3 Ngf6 6. Nxf6+ Nxf6 7. c3 Be7 8. Bd3 O-O 9. Be3 b6 10. Qc2 Bb7 11.
O-O-O h6 12. Kb1 a5 13. Ne5 a4 14. g4 a3 15. Rhg1 axb2 16. g5 hxg5 17. Rxg5 Qd5 18. c4 Qa5 19. Qxb2 Be4 20. Rdg1 Bxd3+ 21. Nxd3 Ne8 22.
Rxa5 Rxa5 23. f4 Nd6 24. Ne5 Bf6 25. Nd7 Nxc4 26. Nxf6+ Kh8 27. Qb4 Nd6 28. a4 Rfa8 29. Ng4 Rxa4 30. Qb2 Nc4 31. Qc3 R8a5 32. d5 Rb5+ 33. Kc2 Na3+ 34. Kd2 Nc4+ 35. Ke2 Rb2+ 36. Kf3 b5 37. Nh6 f6 38. Nf7+ Kg8 39. dxe6 Ra3 40. Nh6+ Kf8 41. Qxa3+ Nxa3 42. Bc5+ Ke8 43. Bxa3 Rb3+ 44.
Ke4 gxh6 45. Bc5 Rc3 46. Rg8# 1-0

[Event "*** Titled Tuesday Blitz"]
[Site "Chess.com"]
[Date "2020.04.28"]
[Round "6"]
[White "onnoelgersma"]
[Black "monstertube"]
[Result "1-0"]
[WhiteElo "2289"]
[BlackElo "2151"]
[TimeControl "180+1"]
[EndTime "11:06:34 PDT"]
[Termination "onnoelgersma won on time"]

1. e4 e5 2. Nf3 Nf6 3. Nc3 Nc6 4.
Bb5 Bb4 5. Bxc6 dxc6 6. d3 Bd6 7.
O-O Bg4 8. h3 Be6 9. Ne2 h6 10.
Ng3 Qd7 11. Be3 O-O 12. a4 c5 13. Nh4 Kh7 14. Qf3 Ng8 15. Ngf5 g6 16. Nxd6 cxd6 17. Qg3 f5 18. Qxg6+ Kh8 19. Bxh6 Nxh6 20. Qxh6+ Kg8 21. Ng6 Qg7 22. Qxg7+ Kxg7 23. Nxf8 Rxf8 24. f4 fxe4 25. fxe5 Rd8 26. exd6 Rxd6 27. dxe4 Rd2 28. Rf2 Rd4 29. Re1 Bc4 30. e5 Be6 31. Rf6 Bd5 32. Rd6 Rd2 33. Rxd5 Rxd5 34. e6 Rd8 35. e7 Re8 36. g4 Kf7 37. h4 b6 38. h5 a6 39. g5 b5 40.
h6 Kg6 41. Kg2 bxa4 42. Re6+ Kh7 43. Kg3 c4 44. Kg4 c3 45. bxc3 a3 46. Kh5 a2 47.
g6+ Kh8 48. Rxa6 1-0

[Event "*** Titled Tuesday Blitz"]
[Site "Chess.com"]
[Date "2020.04.28"]
[Round "6"]
[White "WelshTiger"]
[Black "Sadykov_Ramil"]
[Result "1-0"]
[WhiteElo "2352"]
[BlackElo "2502"]
[TimeControl "180+1"]
[EndTime "11:06:35 PDT"]
[Termination "WelshTiger won by resignation"]

1. e4 c5 2. Nf3 Nc6 3. c3 Nf6 4. e5 Nd5 5. d4 cxd4 6. Bc4 Nb6 7. Bb3 d6 8. exd6 Qxd6 9. O-O Be6 10. Na3 dxc3 11. Qe2 Bxb3 12. Nb5 Qb8 13. axb3 e6 14. bxc3 a6 15. Be3 Nd5 16. Nbd4 Nxe3 17. Qxe3 Be7 18. Qe4 Nxd4 19. cxd4 O-O 20. d5 Bf6 21. Rad1 exd5 22. Rxd5 Re8 23. Qb4 Qc7 24. Rfd1 Rad8 25. g3 g6 26. Kg2 h5 27. h4 Rxd5 28. Rxd5 Rd8 29. Rc5 Qd6 30. Qc4 b5 31. Qc2 Qd7 32. Rc6 Bg7 33. Rxa6 b4 34. Qc4 Bc3 35. Rxg6+ Kf8 36. Qc5+ Qe7 37. Rg8+ Kxg8 38. Qxe7 1-0

[Event "*** Titled Tuesday Blitz"]
[Site "Chess.com"]
[Date "2020.04.28"]
[Round "6"]
[White "Trankuilizer"]
[Black "AtabayevSaparmyrat"]
[Result "1-0"]
[WhiteElo "2508"]
[BlackElo "2661"]
[TimeControl "180+1"]
[EndTime "11:06:36 PDT"]
[Termination "Trankuilizer won on time"]

1. e4 c5 2. c3 Nf6 3. e5 Nd5 4. d4 d6 5. Nf3 cxd4 6. cxd4 Nc6 7. Bc4 e6 8. O-O Be7 9. Qe2 O-O 10. Nc3 Nxc3 11. bxc3 b6 12. Bf4 Bb7 13. Rad1 dxe5 14. dxe5 Qc7 15. Bd3 Na5 16. Ng5 Bxg5 17. Bxg5 Bd5 18.
Rfe1 Bc4 19. Bxh7+ Kxh7 20. Qh5+ Kg8 21. Bf6 gxf6 22.
Qg4+ Kh7 23. Re3 Qxe5 24. Rh3+ 1-0

[Event "*** Titled Tuesday Blitz"]
[Site "Chess.com"]
[Date "2020.04.28"]
[Round "6"]
[White "elisak43"]
[Black "Ashedu66"]
[Result "1-0"]
[WhiteElo "2393"]
[BlackElo "2116"]
[TimeControl "180+1"]
[EndTime "11:06:36 PDT"]
[Termination "elisak43 won by checkmate"]

1. Nc3 c5 2. e4 d6 3. f4 Nc6 4.
Nf3 e6 5. d4 cxd4 6. Nxd4 g6 7.
Be3 Bg7 8. Qd2 Nge7 9. O-O-O O-O 10. h4 d5 11. exd5 exd5 12. Nxc6 bxc6 13. Bd4 Nf5 14.
Bxg7 Kxg7 15. g4 Ng3 16. Rg1 Nxf1 17. Rdxf1 f5 18. g5 Re8 19. Re1 Ba6 20. Qd4+ Kg8 21. Re5 Rxe5 22. Qxe5 Qe8 23. Re1 Qxe5 24. Rxe5 Kf7 25.
Na4 Re8 26. Rxe8 Kxe8 27. Nc5 Bc8 28. Kd2 Ke7 29. Kc3 Kd6 30. Kd4 a5 31. a4 Kc7 32.
c3 Kd6 33. b4 axb4 34. cxb4 Kc7 35. Ke5 Kb6 36. Nb3 Ba6 37. Nd4 Bd3 38. a5+ Ka6 39.
Kd6 Bb5 40. Nxc6 Bxc6 41. Kxc6 d4 42. b5+ Ka7 43. Kc7 d3 44. b6+ Ka6 45. b7 d2 46.
b8=Q d1=Q 47. Qb6# 1-0

[Event "*** Titled Tuesday Blitz"]
[Site "Chess.com"]
[Date "2020.04.28"]
[Round "6"]
[White "Diego_FloresQ"]
[Black "eldur16"]
[Result "0-1"]
[WhiteElo "2421"]
[BlackElo "2585"]
[TimeControl "180+1"]
[EndTime "11:06:37 PDT"]
[Termination "eldur16 won by resignation"]

1. e4 e5 2. Nf3 Nc6 3. Bb5 a6 4. Ba4 Nf6 5. O-O Be7 6. Re1 b5 7. Bb3 d6 8. c3 O-O 9. h3 Na5 10.
Bc2 c5 11. d4 Qc7 12. Nbd2 Bd7 13. dxe5 dxe5 14. Nf1 Nc4 15. b3 Nb6 16. Ne3 g6 17.
Nd5 Nfxd5 18. exd5 f6 19. Bh6 Rfe8 20. Qd2 Nc8 21.
Nh4 f5 22. Bg5 e4 23. Bxe7 Rxe7 24. f3 Qg3 25. Qh6 Nd6 26. fxe4 fxe4 27. Re3 Qe5 28. Rf1 Rae8 29. Kh1 Rf7 30. Rfe1 Ref8 31. Nf3 Qg3 32. Bxe4 Nxe4 33. Rxe4 Rxf3 34. gxf3 Bxh3 35.
R4e2 Bg2+ 36. Rxg2 Qxe1+ 37. Rg1 Qe5 38. Rg5 Qxc3 39. d6 Qxf3+ 40. Rg2 Qd1+ 41. Rg1 Qxd6 0-1

[Event "*** Titled Tuesday Blitz"]
[Site "Chess.com"]
[Date "2020.04.28"]
[Round "6"]
[White "cassoulet"]
[Black "Trickov"]
[Result "1-0"]
[WhiteElo "2584"]
[BlackElo "2267"]
[TimeControl "180+1"]
[EndTime "11:06:37 PDT"]
[Termination "cassoulet won by resignation"]

1. e4 c5 2. Nc3 Nc6 3. f4 g6 4. Nf3 Bg7 5. Bb5 Nd4 6. Nxd4 cxd4 7. Ne2 e6 8. O-O Ne7 9. d3 a6 10. Ba4 O-O 11. Bb3 d6 12. Qe1 Bd7 13. Qh4 Nc6 14.
Qh3 Na5 15. f5 exf5 16. exf5 Nxb3 17. axb3 Rc8 18. Bh6 Qf6 19. Bxg7 Kxg7 20. Ng3 d5 21. Rf2 Rfe8 22. Raf1 Re5 23. Qg4 Qb6 24. f6+ Kg8 25. Qxd7 Rd8 26. Qh3 Qd6 27. Qh6 Qf8 28. Qxf8+ Kxf8 29. Re2 Rde8 30. Rfe1 1-0

[Event "*** Titled Tuesday Blitz"]
[Site "Chess.com"]
[Date "2020.04.28"]
[Round "6"]
[White "Tesla37"]
[Black "VitaliyBernadskiy"]
[Result "1-0"]
[WhiteElo "2879"]
[BlackElo "2707"]
[TimeControl "180+1"]
[EndTime "11:06:38 PDT"]
[Termination "Tesla37 won by resignation"]

1. e4 c5 2. Nc3 d6 3. Nf3 a6 4.
g3 Nc6 5. Bg2 Bg4 6. h3 Bxf3 7.
Bxf3 Nf6 8. d3 e6 9. Bg2 Be7 10. O-O O-O 11. f4 Rc8 12. g4 Nd7 13. g5 b5 14. h4 Nb6 15. Ne2 d5 16. e5 d4 17.
Ng3 Nd5 18. Qe2 c4 19. a3 cxd3 20. cxd3 Na5 21. f5 Nb3 22. f6 Nxa1 23. fxg7 Kxg7 24. Qh5 Rxc1 25. Rxc1 Nf4 26. Qh6+ Kh8 27. Rf1 Qc7 28. Be4 f5 29. gxf6 Bc5 30. Rxf4 Rf7 31. Qg5 Nc2 32. Rg4 Qb8 33. Bxh7 Rxh7 34. f7 1-0

[Event "*** Titled Tuesday Blitz"]
[Site "Chess.com"]
[Date "2020.04.28"]
[Round "6"]
[White "LionTheLeon_06"]
[Black "BocharovD"]
[Result "0-1"]
[WhiteElo "2652"]
[BlackElo "2802"]
[TimeControl "180+1"]
[EndTime "11:06:39 PDT"]
[Termination "BocharovD won on time"]

1. d4 Nf6 2. c4 e6 3. Nc3 Bb4 4. e3 O-O 5. Bd3 d5 6. a3 Bxc3+ 7. bxc3 c6 8. Ne2 b6 9. O-O Ba6 10. cxd5 cxd5 11. Bxa6 Nxa6 12. Qd3 Qc8 13. f3 Nc7 14. e4 Qa6 15. Qc2 Rfc8 16. Bg5 Nce8 17. a4 Qc4 18. e5 Nd7 19. f4 f6 20. Bh4 f5 21. h3 Nc7 22. g4 Rf8 23. Be7 Rf7 24. Bd6 Ne8 25.
Bb4 a5 26. Ba3 g6 27. Rab1 Ng7 28. Kg2 Rc8 29. Rb5 h6 30. Kg3 Kh7 31. Rbb1 Rg8 32.
Kh2 Rh8 33. Kg2 h5 34. g5 h4 35. Kf3 Rc8 36. Rb5 Nh5 37. Rfb1 Rc6 38. Bd6 Rg7 39. R5b2 Rg8 40. Ke3 Rgc8 41. Qb3 Ng3 42. Qxc4 Rxc4 43. Rb3 Rxa4 44. Nxg3 hxg3 45. Rg1 Ra2 0-1

[Event "*** Titled Tuesday Blitz"]
[Site "Chess.com"]
[Date "2020.04.28"]
[Round "6"]
[White "SirStrateg"]
[Black "sergiochess83"]
[Result "0-1"]
[WhiteElo "2596"]
[BlackElo "2823"]
[TimeControl "180+1"]
[EndTime "11:06:39 PDT"]
[Termination "sergiochess83 won by resignation"]

1. d4 Nf6 2. Nf3 d5 3. c3 Bf5 4.
Bf4 e6 5. Nbd2 Bd6 6. e3 Bxf4 7. exf4 O-O 8. Qb3 b6 9. a4 c5 10. a5 Nc6 11. a6 cxd4 12. Nxd4 Nxd4 13. cxd4 Rc8 14.
Be2 Qd6 15. g3 Rc2 16. Bd1 Rc7 17. Qa3 Qxa3 18. Rxa3 Rfc8 19. f3 Ne8 20. Ke2 Nd6 21. Bb3 h5 22. h3 Kf8 23. g4 Bc2 24. Ba2 Nb5 25. Re3 Nxd4+ 26. Kf2 Bg6 27. f5 exf5 28.
gxh5 Bxh5 29. Bxd5 Rd8 30. Bb7 Ne6 31. Nb3 Rc2+ 32. Re2 Rxe2+ 33. Kxe2 Ke7 34. h4 f6 35. Ke3 f4+ 36. Ke2 Be8 37. h5 Ba4 38. Nd2 Bb5+ 39.
Ke1 Nc5 40. h6 Nd3+ 41. Kd1 Nf2+ 0-1

[Event "*** Titled Tuesday Blitz"]
[Site "Chess.com"]
[Date "2020.04.28"]
[Round "6"]
[White "EnergeticHay"]
[Black "AquivaRubinstein"]
[Result "0-1"]
[WhiteElo "2212"]
[BlackElo "2420"]
[TimeControl "180+1"]
[EndTime "11:06:39 PDT"]
[Termination "AquivaRubinstein won on time"]

1. e4 c5 2. Nf3 Nf6 3. d4 Nxe4 4. Bd3 d5 5. c4 cxd4 6. cxd5 Qxd5 7. Nxd4 Bd7 8. Nf3 Nc6 9. O-O e6 10. Be3 Nc5 11.
Bxc5 Bxc5 12. Nc3 Qh5 13. Ne4 Be7 14. Qb3 b6 15. Rad1 O-O 16. a3 Na5 17. Qa2 Bc6 18. b4 Bd5 19. Qb1 Nc6 20. Ng3 Qh6 21. Rfe1 Rfd8 22. Ne5 Nxe5 23. Rxe5 a5 24. Rh5 Qf6 25. Bxh7+ Kf8 26. Be4 g6 27. Bxd5 exd5 28. Rhxd5 Rxd5 29. Rxd5 axb4 30. Ne4 Qe6 31. Rb5 bxa3 32. Rxb6 a2 33. Rb8+ Rxb8 34. Qxb8+ Kg7 35. Qb2+ Kh7 36. f3 f5 37. Ng3 Bc5+ 38. Kf1 Qa6+ 0-1

[Event "*** Titled Tuesday Blitz"]
[Site "Chess.com"]
[Date "2020.04.28"]
[Round "6"]
[White "adricalderon8"]
[Black "DinaBelenkaya"]
[Result "1-0"]
[WhiteElo "2414"]
[BlackElo "2192"]
[TimeControl "180+1"]
[EndTime "11:06:40 PDT"]
[Termination "adricalderon8 won by resignation"]

1. e4 d5 2. exd5 Qxd5 3. Nf3 Bg4 4. Be2 Nc6 5. d4 O-O-O 6. c4 Qd7 7. Be3 Bxf3 8. Bxf3 Nxd4 9. Nc3 Nxf3+ 10. Qxf3 Qc6 11.
Qxc6 bxc6 12. Bxa7 Nf6 13. O-O e5 14. Be3 Ng4 15.
Rfd1 Bb4 16. Ne4 Nxe3 17. fxe3 f5 18. Ng5 Rd2 19. Rxd2 Bxd2 20. Kf2 f4 21. exf4 exf4 22. Rd1 Be3+ 23. Kf3 h6 24. Ne6 g5 25. b4 Re8 26.
Ng7 Re5 27. a4 c5 28. b5 Bd4 29. Rd3 Kb7 30. a5 Re1 31. Nf5 Rf1+ 32. Ke4 Re1+ 33.
Kf3 Rf1+ 34. Kg4 Rf2 35. Kh3 Ra2 36. a6+ Kb6 37. Nxd4 cxd4 38. Rxd4 Ra4 39. c5+ Kxb5 40. Rxa4 Kxa4 41. a7 Kb4 42. a8=Q Kxc5 1-0

[Event "*** Titled Tuesday Blitz"]
[Site "Chess.com"]
[Date "2020.04.28"]
[Round "6"]
[White "NIGWAPO"]
[Black "tigra"]
[Result "1/2-1/2"]
[WhiteElo "2602"]
[BlackElo "2772"]
[TimeControl "180+1"]
[EndTime "11:06:41 PDT"]
[Termination "Game drawn by repetition"]

1. Nf3 d5 2. c4 d4 3. b4 f6 4. e3 e5 5. a3 c5 6. exd4 cxd4 7. d3 Nc6 8. g3 Nge7 9. Bg2 Ng6 10.
O-O a5 11. b5 Nb8 12. Re1 Nd7 13. Nxd4 Nc5 14. Nb3 Qxd3 15. Nxc5 Qxd1 16. Rxd1 Bxc5 17. Nc3 Bd4 18. Bb2 O-O 19. Rd2 Rb8 20. Nd5 Bxb2 21. Rxb2 Be6 22. Rc1 Kf7 23. c5 Rfd8 24. Ne3 Ne7 25.
Rc3 f5 26. Bf1 Kf6 27. Rbc2 Rbc8 28. c6 bxc6 29. bxc6 Rc7 30. Bb5 e4 31. Rc5 Rd4 32. Kf1 g5 33. Ke1 f4 34. gxf4 gxf4 35. Nd1 Nf5 36. Nc3 Nh4 37. Be2 Ng2+ 38. Kf1 Bh3 39. Nb5 Ne3+ 40. Ke1 Ng2+ 41. Kf1 Rd8 42. Nxc7 Ne3+ 43.
Ke1 Ng2+ 44. Kf1 Nh4+ 45. Ke1 Ng2+ 46. Kf1 1/2-1/2

[Event "*** Titled Tuesday Blitz"]
[Site "Chess.com"]
[Date "2020.04.28"]
[Round "6"]
[White "kaumandur01"]
[Black "turayev_shahruh17"]
[Result "0-1"]
[WhiteElo "2759"]
[BlackElo "2527"]
[TimeControl "180+1"]
[EndTime "11:06:42 PDT"]
[Termination "turayev_shahruh17 won by resignation"]

1. e4 e6 2. d4 d5 3. Nc3 Bb4 4. e5 Ne7 5. a3 Bxc3+ 6. bxc3 c5 7. a4 Qc7 8. Nf3 h6 9. h4 O-O 10. Bd3 b6 11. h5 Ba6 12. g4 cxd4 13. cxd4 Bxd3 14.
Qxd3 Nbc6 15. Rb1 Rac8 16. g5 Nf5 17. gxh6 gxh6 18. c3 Nce7 19. Bd2 Qc4 20. Qxc4 Rxc4 21. Ra1 Nc6 22. Ke2 Na5 23. Kd3 Rfc8 24. Nh4 Nb3 25. Rag1+ Kh7 26. Nxf5 exf5 27. Be1 Rxa4 28. Rg3 Rg8 29.
Rf3 Rg5 30. Kc2 Na5 31. Bd2 Ra2+ 32. Kd3 Nc4 33. Bxg5 hxg5 34. Rd1 Nb2+ 35. Kc2 Nxd1+ 36. Kxd1 f4 37. Rd3 b5 38. Rd2 Rxd2+ 39. Kxd2 a5 40.
Kc2 g4 41. Kb3 g3 42. fxg3 fxg3 43. e6 fxe6 0-1

[Event "*** Titled Tuesday Blitz"]
[Site "Chess.com"]
[Date "2020.04.28"]
[Round "6"]
[White "shyam"]
[Black "ehrenfeld"]
[Result "1-0"]
[WhiteElo "2692"]
[BlackElo "2496"]
[TimeControl "180+1"]
[EndTime "11:06:43 PDT"]
[Termination "shyam won on time"]

1. e4 e5 2. Nf3 Nc6 3. d4 exd4 4. Bc4 Nf6 5. e5 d5 6. Bb5 Ne4 7. Nxd4 Bc5 8. Bxc6+ bxc6 9. Be3 O-O 10. Nd2 Qe8 11. Nxe4 dxe4 12. O-O Bb6 13. Qh5 f5 14. Qxe8 Rxe8 15. Nxc6 Re6 16. Nd4 Rxe5 17. Rad1 Ba6 18. Rfe1 Rf8 19. Bf4 Re7 20. Nc6 Re6 21. Nb4 Bb7 22.
Nd5 Bxd5 23. Rxd5 h6 24. h4 Kf7 25. h5 Kf6 26. c4 c6 27. Rd7 Rf7 28. Rxf7+ Kxf7 29. Kf1 Re7 30. Rd1 Ke6 31. Ke2 Rd7 32. Rxd7 Kxd7 33.
Be5 Bd8 34. Bxg7 Bg5 35. f3 Ke6 36. g3 exf3+ 37. Kxf3 Kd6 38. Bd4 a6 39. Be3 Ke6 40.
Bxg5 hxg5 41. b4 1-0

[Event "*** Titled Tuesday Blitz"]
[Site "Chess.com"]
[Date "2020.04.28"]
[Round "6"]
[White "EvilMorty23"]
[Black "AnonymusDonkey"]
[Result "1-0"]
[WhiteElo "2528"]
[BlackElo "2342"]
[TimeControl "180+1"]
[EndTime "11:06:43 PDT"]
[Termination "EvilMorty23 won by resignation"]

1. e4 c5 2. Nf3 d6 3. d4 cxd4 4.
Qxd4 Nf6 5. Nc3 Nc6 6. Bb5 Bd7 7. Bxc6 Bxc6 8. Bg5 e6 9. O-O-O Be7 10. Rhe1 O-O 11.
Kb1 Rc8 12. Qd2 b5 13. Nd4 b4 14. Nxc6 bxc3 15. Nxe7+ Qxe7 16. Qxd6 Qb7 17. b3 Nxe4 18.
Qe5 Nxg5 19. Qxg5 h6 20. Qe3 a5 21. Rd3 Qb4 22. Qd4 Kh7 23. Qxb4 axb4 24. Re4 Rb8 25.
a3 bxa3 26. Rxc3 Rfd8 27. Re2 Rd1+ 28. Ka2 Rg1 29. g3 Kg6 30. Kxa3 Ra1+ 31. Kb2 Rba8 32.
Rc7 R8a2+ 33. Kc3 Rd1 34. Rd2 Rc1 35. b4 Ra3+ 36. Kc4 Ra2 37. Kb3 Rca1 38. b5 Ra3+ 39. Kb4 Ra4+ 40. Kc5 Rb1 41. c4 Rxc4+ 42. Kxc4 Rc1+ 43.
Kb4 Rxc7 44. b6 Rc1 45. Rb2 Rc8 46. b7 Rb8 47. Kc5 Kf5 48. Kc6 Kg4 49. f4 f6 50.
Kc7 Rxb7+ 51. Kxb7 e5 52. fxe5 fxe5 53. Kc6 e4 54.
Kd5 1-0

[Event "*** Titled Tuesday Blitz"]
[Site "Chess.com"]
[Date "2020.04.28"]
[Round "6"]
[White "Mazanchenko_Dmitry"]
[Black "NZT72"]
[Result "0-1"]
[WhiteElo "2135"]
[BlackElo "2403"]
[TimeControl "180+1"]
[EndTime "11:06:44 PDT"]
[Termination "NZT72 won by checkmate"]

1. e4 e5 2. Nf3 Nc6 3. d4 exd4 4. Bc4 Bc5 5. Ng5 Nh6 6. Nxf7 Nxf7 7. Bxf7+ Kxf7 8. Qh5+ g6 9. Qxc5 d5 10. O-O dxe4 11.
Nd2 Re8 12. f3 e3 13. Ne4 Re5 14. Qc4+ Qd5 15. Qe2 Be6 16. b3 Ne7 17. Bb2 c5 18.
Rad1 Nc6 19. c3 Rd8 20. Rd3 Bf5 21. g4 Be6 22. Rfd1 Bxg4 23. Nxc5 Bxf3 24. Qe1 Rg5+ 25.
Kf1 Bg2+ 26. Ke2 Qf3# 0-1

[Event "*** Titled Tuesday Blitz"]
[Site "Chess.com"]
[Date "2020.04.28"]
[Round "6"]
[White "Saloni1299"]
[Black "2346PL"]
[Result "1-0"]
[WhiteElo "2338"]
[BlackElo "2479"]
[TimeControl "180+1"]
[EndTime "11:06:45 PDT"]
[Termination "Saloni1299 won on time"]

1. e4 c5 2. Nf3 Nf6 3. d4 Nxe4 4.
Bd3 d5 5. Qe2 Nf6 6. dxc5 e6 7. b4 a5 8. c3 axb4 9. cxb4 b6 10. Be3 bxc5 11. bxc5 Qa5+ 12. Qd2 Bxc5 13. O-O Qxd2 14. Bxd2 O-O 15. Rc1 Bd6 16. Nc3 Ba6 17.
Nb5 Bxb5 18. Bxb5 Nbd7 19. a4 Ne5 20. Nd4 Ne4 21. Be1 Bc5 22. Nc6 Nxc6 23. Bxc6 Ra7 24. Kf1 Bd4 25. Ra2 Rc8 26. f3 Nc3 27. Rb2 Nxa4 28.
Bxa4 Rca8 29. Rb4 Be3 30. Rc6 h5 31. Bc2 Ra1 32. Ke2 Bg1 33. h3 g6 34. Bc3 R1a2 35.
Bf6 Bh2 36. Rb3 Bg3 37. Rbc3 Kh7 38. Rc8 e5 39. R3c7 e4 40. Rxf7+ Kh6 41. Rxa8 Rxa8 42.
fxe4 dxe4 43. Bxe4 Re8 44. Kf3 Bd6 45. Rd7 Bc5 46. g4 hxg4+ 47. hxg4 1-0

[Event "*** Titled Tuesday Blitz"]
[Site "Chess.com"]
[Date "2020.04.28"]
[Round "6"]
[White "zabivol_mc"]
[Black "shav3184"]
[Result "1-0"]
[WhiteElo "2457"]
[BlackElo "2282"]
[TimeControl "180+1"]
[EndTime "11:06:46 PDT"]
[Termination "zabivol_mc won by resignation"]

1. Nf3 d5 2. g3 Nf6 3. Bg2 Bf5 4. d3 e6 5. O-O Be7 6. c4 c6 7. cxd5 exd5 8. Qb3 Qb6 9. Qc2 h6 10. Nc3 O-O 11. e4 Bh7 12. Be3 Qd8 13. exd5 Nxd5 14.
Nxd5 Qxd5 15. Rfd1 Qd6 16. Qb3 Nd7 17. d4 Nb6 18. Bf4 Qd5 19. Qe3 Qd8 20. Qc1 Nd5 21.
Bd2 Bf6 22. Ne5 Re8 23. Re1 Qb6 24. Bc3 Nxc3 25. bxc3 Rad8 26. Qa3 c5 27. dxc5 Qc7 28. Nc4 Rxe1+ 29. Rxe1 Bg6 30. Nd6 Bxc3 31. Nb5 1-0

[Event "*** Titled Tuesday Blitz"]
[Site "Chess.com"]
[Date "2020.04.28"]
[Round "6"]
[White "ZCorrales"]
[Black "atwalcb"]
[Result "0-1"]
[WhiteElo "2067"]
[BlackElo "2271"]
[TimeControl "180+1"]
[EndTime "11:06:46 PDT"]
[Termination "atwalcb won on time"]

1. e4 d6 2. d4 Nf6 3. Nc3 Nbd7 4. Nf3 e5 5. dxe5 dxe5 6. Bc4 Bb4 7. O-O O-O 8. Bg5 h6 9. Bxf6 Qxf6 10. Nd5 Qd6 11.
c3 Bc5 12. b4 Bb6 13. a4 c6 14.
Nxb6 Qxd1 15. Rfxd1 Nxb6 16. Nxe5 Nxc4 17. Nxc4 Be6 18. Nd6 b6 19. a5 Rfd8 20. Nb7 Rxd1+ 21. Rxd1 Kf8 22. Nd8 Rc8 23. Nxe6+ fxe6 24. axb6 axb6 25. Rd7 Ra8 26. Kf1 Ra3 27. Rb7 Rxc3 28. Rxb6 Rc2 29. Rb7 Rc4 30. f3 Rc2 31. Rc7 Rc4 32. Kf2 Rxb4 33.
Rxc6 Rb2+ 34. Kg3 Kf7 35. e5 Re2 36. Rc7+ Kg6 37. Rc5 Kf5 38. Rc7 g6 39. Rh7 h5 40.
h4 Kxe5 41. Rf7 Re3 42. Kf2 Ra3 43. g4 hxg4 44. fxg4 Rh3 45. Rh7 Kf4 46. Kg2 Kxg4 47. Rg7 Rxh4 48. Rxg6+ Kf5 49. Rg8 Rf4 50. Kg3 Ke4 0-1